 Dungeon Crawl Stone Soup version 0.22.0-75-g3901e79 (webtiles) character file.

3925 orange3 the Cleaver (level 10, -1/88 HPs)
             Began as a Minotaur Berserker on Sept 15, 2018.
             Was a High Priest of Trog.
             Succumbed to a killer bee's poison
             ... on level 10 of the Dungeon.
             The game lasted 00:25:54 (5927 turns).

orange3 the Cleaver (Minotaur Berserker)            Turns: 5927, Time: 00:25:55

Health: -1/88      AC: 17    Str: 25    XL:     10   Next: 1%
Magic:  1/9        EV:  8    Int:  4    God:    Trog [*****.]
Gold:   296        SH:  0    Dex: 10    Spells: 9/9 levels left

rFire    . . .     SeeInvis .   H - -1 hand axe (curse)
rCold    . . .     Gourm    .   (no shield)
rNeg     . . .     Faith    .   h - +0 plate armour (curse)
rPois    .         Spirit   +   (helmet restricted)
rElec    .         Reflect  .   w - +0 cloak
rCorr    .         Harm     .   D - +0 pair of gloves
MR       +....                  (no boots)
Stlth    ..........             l - amulet of guardian spirit
HPRegen  0.24/turn              p - ring of protection from magic
MPRegen  0.11/turn              (no ring)

@: lethally poisoned (-1 -> -27), berserk cooldown, slowed, very slow
A: retaliatory headbutt, horns 2
a: Berserk, Trog's Hand, Brothers in Arms, Renounce Religion


You were on level 10 of the Dungeon.
You worshipped Trog.
Trog was extremely pleased with you.
You were hungry.

You visited 1 branch of the dungeon, and saw 8 of its levels.

You collected 396 gold pieces.
You spent 100 gold pieces at shops.

Inventory:

Hand Weapons
 a - a +0 hand axe
 v - a +0 hand axe
 H - a cursed -1 hand axe (weapon)
 L - a +1 antimagic lajatang
Armour
 b - a +0 animal skin
 e - a +0 ring mail
 h - a cursed +0 plate armour (worn)
 t - a scarf of resistance
 w - a +0 cloak (worn)
 D - a +0 pair of gloves (worn)
Jewellery
 l - an amulet of guardian spirit (around neck)
 p - a ring of protection from magic (left hand)
 J - an uncursed ring of poison resistance {unknown}
 M - an uncursed ring of fire {unknown}
Wands
 r - a wand of random effects (6)
 x - a wand of iceblast (7)
 y - a wand of polymorph (14)
 A - a wand of flame (30)
 B - a wand of paralysis (17)
 G - a wand of enslavement (16)
Scrolls
 d - 3 scrolls of random uselessness {unknown}
 f - a scroll of noise {unknown}
 g - 5 scrolls of remove curse {unknown}
 i - 8 scrolls of identify {unknown}
 j - 2 scrolls of teleportation {unknown}
 o - 3 scrolls of amnesia {unknown}
 q - 2 scrolls of enchant weapon {unknown}
 s - a scroll of immolation {unknown}
 u - a scroll of enchant armour {unknown}
 E - a scroll of fog {unknown}
 I - a scroll of fear {unknown}
 K - a scroll of holy word {unknown}
 O - a scroll of vulnerability {unknown}
Potions
 k - a potion of mutation {unknown}
 m - a potion of haste {unknown}
 n - 3 potions of cancellation {unknown}
 z - a potion of brilliance {unknown}
 C - 2 potions of curing
 F - a potion of berserk rage {unknown}
Comestibles
 c - 8 rations


   Skills:
 + Level 8.2 Fighting
 + Level 11.8 Axes
 + Level 10.1 Armour
 + Level 3.4 Dodging
 + Level 1.1 Stealth


You had 9 spell levels left.
You didn't know any spells.
Your spell library contained the following spells:

 Spells                   Type           Power        Failure   Level  Hunger
 Flame Tongue             Conj/Fire      #....        99%         1    ##.....
 Throw Flame              Conj/Fire      #.....       100%        2    ###....
 Conjure Flame            Conj/Fire      #.......     100%        3    ####...
 Inner Flame              Hex/Fire       #.......     100%        3    ####...
 Sticky Flame             Conj/Fire      #.......     100%        4    #####..
 Fireball                 Conj/Fire      #.........   100%        5    ######.


Dungeon Overview and Level Annotations

Branches:
Dungeon (10/15)            Temple (0/1) D:6
   Lair: D:8-11         Orc: D:9-12

Altars:
Ashenzari

Shops:
D:5 !


Innate Abilities, Weirdness & Mutations

You reflexively headbutt those who attack you in melee.
You have a pair of horns on your head.


Message History

* * * LOW HITPOINT WARNING * * *
You are lethally poisoned!
The killer bee poisons you! The killer bee stings you.
* * * LOW HITPOINT WARNING * * *
You are more poisoned.
The killer bee poisons you!
* * * LOW HITPOINT WARNING * * *
You feel very sick.
The killer bee stings you but does no damage.
The killer bee stings you.
* * * LOW HITPOINT WARNING * * *
The killer bee stings you but does no damage.
The killer bee closely misses you. The killer bee stings you.
* * * LOW HITPOINT WARNING * * *
The killer bee stings you.
* * * LOW HITPOINT WARNING * * *
The killer bee stings you.
* * * LOW HITPOINT WARNING * * *
The killer bee stings you but does no damage.
You die...

####O#K###K##K#
#y# #K##... #y#
#y##....K #.# #.#
## #.###y#########
#..yKKK........
#####yyy.......
########.y######.#
O......@..#
#######...#
..(...# ###....#
##>#.# #.#.# #.#.#
.#


You could see a two-headed ogre (wandering), a big kobold, 6 killer bees and 2
kobolds.

Vanquished Creatures
  A troll (D:9)
  Sigmund (D:6)
  A hungry ghost (D:9)
  2 orc warriors (D:6)
  An ice beast (D:6)
  A black bear (D:9)
  2 phantoms
  3 centaurs
  A necrophage (D:9)
  2 ogres (D:4)
  2 big kobolds (D:9)
  A wyvern skeleton (D:4)
  A water moccasin skeleton (D:6)
  19 killer bees
  3 crimson imps
  A centaur zombie (D:4)
  3 hounds
  Ijyb (D:3)
  7 orc priests
  A centaur skeleton (D:4)
  12 orc wizards
  4 iguanas
  5 worker ants
  A howler monkey zombie (D:6)
  9 adders
  A shadow imp (D:9)
  3 adder zombies
  An adder skeleton (D:4)
  A worm (D:3)
  5 dart slugs
  3 leopard geckos (D:2)
  41 orcs
  2 ball pythons
  4 giant cockroaches
  5 goblins
  10 hobgoblins
  3 jackals (D:3)
  17 kobolds
  5 quokkas
  10 bats
  9 frilled lizards
  A leopard gecko skeleton (D:4)
  A quokka skeleton (D:6)
  A quokka zombie (D:5)
  6 rats
  A bush (D:5)
215 creatures vanquished.

Notes
Turn   | Place    | Note
-------+----------+-------------------------------------------
     0 | D:1      | orange3 the Minotaur Berserker began the quest for the Orb.
     0 | D:1      | Reached XP level 1. HP: 19/19 MP: 0/0
    71 | D:1      | Reached skill level 4 in Axes
    71 | D:1      | Reached XP level 2. HP: 23/27 MP: 1/1
   311 | D:1      | Reached XP level 3. HP: 33/33 MP: 2/2
   450 | D:2      | Reached ** piety under Trog
   507 | D:2      | Reached XP level 4. HP: 27/41 MP: 3/3
   691 | D:2      | Reached skill level 5 in Axes
  1118 | D:3      | Noticed Ijyb
  1143 | D:3      | Killed Ijyb
  1143 | D:3      | Reached XP level 5. HP: 47/47 MP: 4/4
  1389 | D:3      | Reached *** piety under Trog
  1825 | D:4      | Reached skill level 6 in Axes
  1861 | D:4      | Reached XP level 6. HP: 36/53 MP: 3/5
  2007 | D:4      | Reached skill level 5 in Fighting
  2007 | D:4      | Reached skill level 7 in Axes
  2156 | D:4      | Reached skill level 8 in Axes
  2156 | D:4      | Reached XP level 7. HP: 39/61 MP: 2/6
  2161 | D:4      | Reached skill level 5 in Armour
  2521 | D:4      | Reached skill level 1 in Stealth
  2891 | D:5      | Entered Level 5 of the Dungeon
  3034 | D:5      | Reached **** piety under Trog
  3034 | D:5      | Reached skill level 9 in Axes
  3046 | D:5      | Reached XP level 8. HP: 69/69 MP: 7/7
  3428 | D:5      | Found a shattered altar of Ashenzari.
  3502 | D:5      | Found Afuzaos's Distillery.
  3566 | D:5      | Bought a potion of might for 40 gold pieces
  3566 | D:5      | Bought a potion of curing for 30 gold pieces
  3566 | D:5      | Bought a potion of curing for 30 gold pieces
  3842 | D:6      | Noticed Sigmund
  3855 | D:6      | Killed Sigmund
  3855 | D:6      | Reached skill level 10 in Axes
  4077 | D:6      | Found a staircase to the Ecumenical Temple.
  4150 | D:6      | Reached ***** piety under Trog
  4256 | D:6      | Reached XP level 9. HP: 73/78 MP: 8/8
  5027 | D:6      | You fall through a shaft for 3 floors!
  5039 | D:9      | Reached skill level 11 in Axes
  5048 | D:9      | Received a gift from Trog
  5058 | D:9      | Paralysed by fainting for 5 turns
  5188 | D:9      | Found a flagged portal.
  5220 | D:9      | Found a shattered altar of Ashenzari.
  5374 | D:9      | Noticed a troll
  5387 | D:9      | Killed a troll
  5477 | D:9      | Received a gift from Trog
  5871 | D:9      | You fall through a shaft!
  5871 | D:10     | Entered Level 10 of the Dungeon
  5877 | D:10     | Reached skill level 10 in Armour
  5907 | D:10     | Reached XP level 10. HP: 88/88 MP: 6/9
  5913 | D:10     | Noticed a two-headed ogre
  5926 | D:10     | HP: 4/88 [killer bee (2)]
  5927 | D:10     | Succumbed to a killer bee's poison

Skill      XL: |  1  2  3  4  5  6  7  8  9 |
---------------+----------------------------+-----
Axes           | 4 5 6 8 9 10 11 | 11.8
Fighting       | 4 5 6 8 |  8.2
Armour         | 3 4 5 7 10 | 10.1
Stealth        | 1 |  1.1
Dodging        | 3 |  3.4

Action                   |  1- 3 |  4- 6 |  7- 9 | 10-12 || total
-------------------------+-------+-------+-------+-------++-------
Melee: Hand axe          |    70 |   179 |   418 |     3 ||   670
       Headbutt          |    10 |    36 |    97 |       ||   143
Invok: Berserk           |     1 |     2 |    11 |       ||    14
       Trog's Hand       |       |       |     1 |       ||     1
  Use: Potion            |       |       |     2 |       ||     2
  Eat: Chunk             |       |     2 |     4 |       ||     6
       Ration            |       |     1 |     7 |       ||     8
Armor: Ring mail         |     6 |       |       |       ||     6
       Plate armour      |    55 |   117 |   306 |    29 ||   507
Dodge: Dodged            |    39 |    64 |   189 |    18 ||   310
